 Dungeon Crawl Stone Soup version 0.31.0-12-g77e489cdc1 (webtiles) character file.

Game seed: 10596321801274888718

27167 dirge the Nimble (level 13, 0/108 HPs)
             Began as a Merfolk Gladiator on Feb 29, 2024.
             Slain by a goliath frog (19 damage)
             ... on level 1 of the Swamp on Mar 2, 2024.
             The game lasted 00:34:13 (13838 turns).

dirge the Nimble (Merfolk Gladiator)               Turns: 13838, Time: 00:34:14

Health: 0/108      AC:  6    Str: 26    XL:     13   Next: 30%
Magic:  13/13      EV: 23    Int: 12    God:
Gold:   681        SH:  0    Dex: 15    Spells: 12/12 levels left

rFire   x . .        a - +7 Throatcutter {drain, coup de grace}
rCold   + . .        (no shield)
rNeg    + . .        S - quicksilver dragon scales
rPois   +            n - +2 helmet of Snakes and Ladders {rPois rF- Int+5}
rElec   .            y - +1 cloak {rCorr}
rCorr   +            (no gloves)
SInv    .            z - melded +1 pair of boots {Stlth+}
Will    +....        s - amulet of the acrobat
Stlth   +++++        G - +6 ring of strength
HPRegen 0.38/turn    H - ring of Juamikhly {rC+ rN+}
MPRegen 0.13/turn

%: acrobat
@: corroded, very quick
A: nimble swimmer 2, mertail
a: no special abilities


You were on level 1 of the Swamp.
You visited 4 branches of the dungeon, and saw 15 of its levels.
You also visited: Bailey and Gauntlet.

You collected 761 gold pieces.
You spent 80 gold pieces at shops.

Inventory:

Hand Weapons
 a - the +7 Throatcutter (weapon) {drain, coup de grace}
   (You found it on level 2 of the Dungeon)
 b - a +1 trident
 t - a +0 glaive of flaming
 D - a +1 hand axe of venom
 E - a +0 halberd
 I - a +2 war axe of flaming
 R - the +1 dagger of Bodily Harmony {drain, rF+ Will+}
   (You took it off a minotaur in a Gauntlet)

   rF+:       It protects you from fire.
   Will+:     It increases your willpower.
 Y - a +2 longbow of flaming
Missiles
 e - 6 javelins
 u - 22 poisoned darts
Armour
 c - a +0 helmet
 n - the +2 helmet of Snakes and Ladders (worn) {rPois rF- Int+5}
   (You found it in a Gauntlet)

   Int+5:     It affects your intelligence (+5).
   rF-:       It makes you vulnerable to fire.
   rPois:     It protects you from poison
 o - the +4 leather armour "Muvesh" {Str+2 Stlth+}
   (You found it on level 5 of the Dungeon)

   Str+2:     It affects your strength (+2).
   Stlth+:    It makes you more stealthy.
 q - a +1 cloak
 r - a +0 pair of gloves
 y - a +1 cloak of preservation (worn)
 z - a +1 pair of boots of stealth (melded)
 C - a +1 plate armour of fire resistance
 S - quicksilver dragon scales (worn)
 V - a +2 robe of cold resistance
Jewellery
 d - the ring "Hoxt" {rF+ Str-2 Int+4 Dex+4}
   (You took it off a minotaur in a Gauntlet)

   [ring of protection from fire]

   Str-2:     It affects your strength (-2).
   Int+4:     It affects your intelligence (+4).
   Dex+4:     It affects your dexterity (+4).
   rF+:       It protects you from fire.
 i - a ring of fire
 s - an amulet of the acrobat (around neck)
 G - a +6 ring of strength (left hand)
 H - the ring of Juamikhly (right hand) {rC+ rN+}
   (You found it in a Gauntlet)

   [ring of protection from cold]

   rC+:       It protects you from cold.
   rN+:       It protects you from negative energy.
 P - an amulet of guardian spirit
 W - a ring of protection from cold
 X - the ring "Yticvira" {Ice Int+4}
   (You found it in a Gauntlet)

   [ring of ice]

   Ice:       It enhances your ice magic.
   Int+4:     It affects your intelligence (+4).
   rF-:       It makes you vulnerable to fire.
   rC+:       It protects you from cold.
 Z - a ring of protection from fire
Wands
 v - a wand of light (13)
 Q - a wand of roots (3)
 U - a wand of charming (4)
Scrolls
 f - 3 scrolls of noise
 g - 2 scrolls of teleportation
 h - a scroll of blinking
 j - 4 scrolls of enchant weapon
 l - 2 scrolls of amnesia
 m - 4 scrolls of fog
 J - a scroll of torment
 K - a scroll of fear {unknown}
 L - 2 scrolls of poison
 N - a scroll of vulnerability
Potions
 p - 3 potions of enlightenment
 w - 2 potions of curing
 A - a potion of cancellation
 B - 5 potions of brilliance
 F - 2 potions of invisibility
 M - a potion of ambrosia
 O - a potion of mutation
Miscellaneous
 T - a phial of floods


   Skills:
 + Level 12.0 Fighting
 - Level 14.0 Long Blades
 + Level 6.4 Polearms
 - Level 6.0 Throwing
 + Level 14.4 Dodging
 + Level 10.8 Stealth


You had 12 spell levels left.
You didn't know any spells.
Your spell library contained the following spells:

 Spells                   Type           Power      Damage    Failure   Level
 Ensorcelled Hibernation  Hex/Ice        0%         N/A       58%         2
 Dazzling Flash           Conj/Hex       0%         N/A       83%         3
 Fugue of the Fallen      Necr           0%         N/A       83%         3
 Volatile Blastmotes      Fire/Tloc      0%         2d10      83%         3
 Anguish                  Hex/Necr       0%         N/A       99%         4
 Starburst                Conj/Fire      0%         6d3       100%        6
 Maxwell's Capacitive Co  Air            0%         ∞         100%        8


Dungeon Overview and Level Annotations

Branches:
Dungeon (9/15)             Temple (1/1) D:7            Lair (4/5) D:8
  Swamp (1/4) Lair:2        Snake (0/4) Lair:2       Bailey (visited)
Gauntlet (visited)
  Slime: Lair:4-5       Orc: D:9-12

Altars:
Ashenzari
Cheibriados
Dithmenos
Elyvilon
Fedhas
Gozag
Hepliaklqana
Kikubaaqudgha
Makhleb
Nemelex Xobeh
Qazlal
Ru
Sif Muna
Trog
Uskayaw
Wu Jian
Xom
Yredelemnul
Zin
The Shining One

Shops:
D:3 (!*

Annotations:
Lair:1 2 transporters, exclusion: ice statue, monsoonserge's ghost, journeyman FoHs
Lair:3 Rupert


Innate Abilities, Weirdness & Mutations

You are very nimble when in or above water. (Stealth+, EV+, Speed+++)
Your lower body shifts to a powerful aquatic tail in water.


Message History

The goliath frog completely misses you. The goliath frog closely misses you.
You hit the goliath frog but do no damage.
You drain the goliath frog. You tail-slap the goliath frog.
The goliath frog is heavily wounded.
The goliath frog misses you. x2
You hit the goliath frog.
The goliath frog is heavily wounded.
The goliath frog completely misses you.
You miss the goliath frog.
The goliath frog is heavily wounded.
The goliath frog closely misses you. x2
You hit the goliath frog.
The goliath frog is heavily wounded.
The swamp worm fires a harpoon shot at you.
The harpoon shot misses you.
The harpoon shot hits the goliath frog!
The goliath frog misses you.
You miss the goliath frog.
The goliath frog is severely wounded.
The goliath frog hits you!
You are splashed with acid.
You resist. The goliath frog hits you from afar!
* * * LOW HITPOINT WARNING * * *
You are splashed with acid.
You resist.
* * * LOW HITPOINT WARNING * * *
You feel much better. The goliath frog hits you.
* * * LOW HITPOINT WARNING * * *
The acid corrodes you!
You are splashed with acid.
You resist.
* * * LOW HITPOINT WARNING * * *
The swamp worm bites you but does no damage.
The goliath frog hits you from afar!
* * * LOW HITPOINT WARNING * * *
The acid corrodes you!
You are splashed with acid.
You resist.
* * * LOW HITPOINT WARNING * * *
You feel much better. The goliath frog hits you.
* * * LOW HITPOINT WARNING * * *
You are splashed with acid.
You resist.
* * * LOW HITPOINT WARNING * * *
The swamp worm bites you.
* * * LOW HITPOINT WARNING * * *
The goliath frog hits you from afar!!
You die...

♣..~~ .... ♣♣.~~ .~~..
♣♣♣~..♣ ~~~.. ♣♣♣~.>~.♣♣
~~~~.♣ ♣♣.~~.~~§.♣
~~~~~.♣ ♣.~~~.~~~.♣♣♣♣♣
~~~~~.~♣♣♣$~~~)~~~~....♣
~~~~~~F.......~~~~~~~~.♣
~~~~~~~@~)......~~~~§~~♣
~...~F~~w.~.§~..~~~..~♣♣
~..~~§~~~~♣.~~....~<§~♣
...~~~~~~~./..~~....♣~♣
[.♣.~~~~~~~......♣♣♣♣ ♣
~ ♣♣.~~~~~~~~~..§~♣
♣~>.~~~~~~~§~....
♣♣♣...?..~~~~~...
♣.......~~~


You could see 2 goliath frogs and a swamp worm.

Vanquished Creatures
  Nessos (Lair:3)
  A minotaur (Gauntlet)
  A hydra (Lair:2)
  3 two-headed ogres
  A boulder beetle (D:7)
  A skyshark (Lair:2)
  A goliath frog (Swamp:1)
  A spriggan druid (Swamp:1)
  A lindwurm (Lair:3)
  A lightning spire (Gauntlet)
  An oklob plant (Lair:4)
  2 black mambas
  3 elephants (Lair:2)
  A gargoyle (Gauntlet)
  5 cane toads
  3 torpor snails
  6 komodo dragons
  2 rime drakes
  A troll (D:8)
  A polar bear (Lair:2)
  A tyrant leech (Swamp:1)
  A raiju (Gauntlet)
  A shadow (D:7)
  A wraith (D:7)
  A wyvern (D:7)
  15 yaks
  6 vampire mosquitoes (Lair:2)
  2 steam dragons (D:7)
  3 basilisks
  6 nagas (Lair:2)
  2 swamp worms (Lair:2)
  An acid dragon (D:7)
  6 small abominations (Gauntlet)
  13 water moccasins
  A sky beast (D:7)
  5 ice beasts
  2 black bears
  8 orc warriors
  2 ogres
  4 centaurs
  10 wolves
  A phantom (D:7)
  Blork the orc (D:6)
  13 bullfrogs
  3 scorpions
  7 wights (D:7)
  6 killer bees (D:7)
  2 howler monkeys (D:7)
  An electric eel (D:8)
  3 bombardier beetles
  A jelly (D:8)
  2 sleepcaps
  3 gnoll boudas
  6 orc priests
  8 hounds
  6 iguanas
  6 orc wizards
  12 gnolls
  3 adders
  A shadow imp (D:7)
  2 white imps
  An ufetubus (D:7)
  2 ribbon worms (D:2)
  A dart slug (D:4)
  42 orcs
  6 endoplasms
  3 giant cockroaches
  6 hobgoblins
  2 jackals (D:4)
  8 kobolds
  5 quokkas
  11 ball pythons
  3 bats
  2 frilled lizards
  7 goblins
  5 rats
319 creatures vanquished.

Notes
Turn   | Place    | Note
-------+----------+-------------------------------------------
     0 | D:1      | dirge the Merfolk Gladiator began the quest for the Orb.
     0 | D:1      | Reached XP level 1. HP: 16/16 MP: 1/1
   121 | D:1      | Reached XP level 2. HP: 23/23 MP: 2/2
   383 | D:1      | Reached XP level 3. HP: 28/28 MP: 3/3
   920 | D:2      | Found the +7 Throatcutter {drain, coup de grace}
  1607 | D:3      | Reached skill level 1 in Long Blades
  1607 | D:3      | Reached XP level 4. HP: 31/34 MP: 4/4
  1665 | D:3      | Found Semout's Distillery.
  1672 | D:3      | Bought a potion of curing for 30 gold pieces
  1672 | D:3      | Bought a potion of heal wounds for 50 gold pieces
  1763 | D:3      | Found Mutsufou's Antique Weapon Shop.
  1790 | D:3      | Found a bloodstained altar of Trog.
  1810 | D:3      | Found a faded altar of an unknown god.
  1898 | D:3      | Found Pattemy's Assorted Antiques.
  1935 | D:3      | Reached skill level 5 in Dodging
  1935 | D:3      | Reached XP level 5. HP: 40/41 MP: 5/5
  2174 | D:4      | Found a blossoming altar of Fedhas.
  2204 | D:4      | Reached XP level 6. HP: 33/47 MP: 6/6
  2701 | D:5      | Entered Level 5 of the Dungeon
  2758 | D:5      | Reached XP level 7. HP: 21/54 MP: 7/7
  3017 | D:5      | Identified the +4 leather armour "Muvesh" {Str+2 Stlth+}
  3104 | D:5      | Reached skill level 5 in Long Blades
  3783 | D:5      | Reached XP level 8. HP: 57/61 MP: 8/8
  3848 | D:5      | Found an ancient bone altar of Kikubaaqudgha.
  3848 | D:5      | Found a snail-covered altar of Cheibriados.
  4176 | D:6      | Reached skill level 5 in Fighting
  4467 | D:6      | Noticed Blork the orc
  4479 | D:6      | Killed Blork the orc
  4480 | D:6      | Reached skill level 5 in Throwing
  4568 | D:6      | Noticed a two-headed ogre
  4578 | D:6      | Killed a two-headed ogre
  4579 | D:6      | Reached XP level 9. HP: 39/69 MP: 9/9
  5010 | D:7      | Noticed a two-headed ogre
  5010 | D:7      | Noticed a boulder beetle
  5141 | D:7      | Reached skill level 1 in Stealth
  5163 | D:7      | Reached skill level 10 in Long Blades
  5193 | D:7      | Found a flagged portal.
  5205 | D:7      | Reached XP level 10. HP: 69/79 MP: 10/10
  5208 | Bailey   | Entered a bailey
  5718 | D:7      | Noticed a two-headed ogre
  5729 | D:7      | Killed a two-headed ogre
  5939 | D:7      | Reached skill level 10 in Dodging
  6112 | D:7      | Killed a two-headed ogre
  6113 | D:7      | Reached skill level 5 in Stealth
  6134 | D:7      | Killed a boulder beetle
  6135 | D:7      | Reached XP level 11. HP: 67/87 MP: 11/11
  6370 | D:7      | Found a staircase to the Ecumenical Temple.
  6685 | Temple   | Entered the Ecumenical Temple
  6809 | D:8      | Found a staircase to the Lair.
  7976 | Lair:1   | Entered Level 1 of the Lair of Beasts
  8191 | Lair:1   | Noticed monsoonserge's ghost (journeyman FoHs)
  8478 | Lair:1   | Found a transporter.
  8480 | Lair:1   | Found a transporter.
  8482 | Lair:1   | Noticed a catoblepas
  9240 | Lair:2   | Reached XP level 12. HP: 80/97 MP: 12/12
  9297 | Lair:2   | Found a gate leading to a gauntlet.
  9315 | Gauntlet | Entered a Gauntlet
  9315 | Gauntlet | Noticed a catoblepas
  9315 | Gauntlet | Found a transporter.
  9315 | Gauntlet | Found a transporter.
  9315 | Gauntlet | Found a transporter.
  9544 | Gauntlet | Found a transporter.
  9579 | Gauntlet | Found a transporter.
  9580 | Gauntlet | Found a transporter.
  9592 | Gauntlet | Found a transporter.
  9608 | Gauntlet | Found a transporter.
  9612 | Gauntlet | Found a runed translucent door.
  9626 | Gauntlet | Found a transporter.
  9626 | Gauntlet | Found a transporter.
  9630 | Gauntlet | Found a runed translucent door.
  9630 | Gauntlet | Found a runed translucent door.
  9634 | Gauntlet | Found a transporter.
  9637 | Gauntlet | Found a transporter.
  9725 | Gauntlet | Identified the ring of Juamikhly {rC+ rN+}
  9860 | Gauntlet | Reached skill level 10 in Fighting
  9863 | Gauntlet | Identified the +2 helmet of Snakes and Ladders {rPois rF-
                  | Int+5}
 10031 | Gauntlet | Identified the +1 dagger of Bodily Harmony {drain, rF+
                  | Will+}
 10031 | Gauntlet | Identified the ring "Hoxt" {rF+ Str-2 Int+4 Dex+4}
 10031 | Gauntlet | Noticed a minotaur
 10053 | Gauntlet | Killed a minotaur
 10076 | Gauntlet | Identified the ring "Yticvira" {Ice Int+4}
 11106 | Lair:2   | Found a staircase to the Snake Pit.
 11394 | Lair:2   | Found a staircase to the Swamp.
 11398 | Lair:2   | Reached skill level 10 in Stealth
 11399 | Lair:2   | Noticed a seven-headed hydra
 11411 | Lair:2   | Killed a five-headed hydra
 11650 | Lair:2   | Reached XP level 13. HP: 106/106 MP: 13/13
 11732 | Lair:2   | Reached skill level 5 in Polearms
 11936 | Lair:3   | Noticed Nessos
 11965 | Lair:3   | Killed Nessos
 12560 | Lair:3   | Noticed Rupert
 12744 | Lair:3   | HP: 1/107 [Rupert/+6 great mace of protection (13)]
 13780 | Swamp:1  | Entered Level 1 of the Swamp
 13838 | Swamp:1  | Slain by a goliath frog

Illustrated notes

Levels and vault maps discovered:
D:1:      saegor_arrival_simple_b, layout_loops_ring, minmay_pentomino_o4
D:2:      layout_basic, minmay_hedge_maze
D:3:      layout_rooms, mainiacjoe_overflow_catwalk,
          nicolae_ecumenical_snake_handling, serial_shops,
          nicolae_shop_rolling_square, nicolae_square_shop, nicolae_shop_trees
D:4:      layout_basic, nicolae_overflow_crystal_walls, minivault_23,
          minivault_4
D:5:      layout_basic, gammafunk_temple_overflow_elements
D:6:      layout_basic, small_statue_intersection, uniq_blork_the_orc
D:7:      nzn_winding_woodlands_stair_cross [nzn_winding_woodlands_5x15_pool,
          nzn_winding_woodlands_center_pierced_h,
          nzn_winding_woodlands_5x15_garden,
          nzn_winding_woodlands_5x5_open_star,
          nzn_winding_woodlands_5x5_default, nzn_winding_woodlands_5x15_twine,
          nzn_winding_woodlands_center_garden, nzn_winding_woodlands_5x15_eye],
          layout_basic, minmay_temple_entry_nine_rooms, enter_bailey_6,
          nicolae_zig_zag_zippers
D:8:      layout_basic, erik_lair_island
D:9:      layout_basic, uniq_pikel
Temple:   compressed_dpeg_triangle_lava_temple
Lair:1:   layout_gridlike, nzn_ghost_randoct
Lair:2:   layout_regular_city, palyth_hydra_swamp_entry,
          minmay_snake_entry_guardpost_large, gauntlet_entry_generic, pond
Lair:3:   layout_regular_city, tgw_fedhas, lemuel_fruit_tree,
          serial_bayou_shore_b, uniq_rupert, uniq_nessos
Lair:4:   layout_cellular_growth, slime_entry_2, minmay_lair_oklob_bushes,
          nicolae_quartered_pool_impasse, worms_lemuel, uniq_urug
Swamp:1:  layout_basic_swamp, evilmike_swamp_ruin_rubble_1, swamp_pool_1_2,
          nicolae_swamp_decorative_isthmus, uniq_mlioglotl, uniq_donald

Skill      XL: |  1  2  3  4  5  6  7  8  9 10 11 12 13 |
---------------+----------------------------------------+-----
Long Blades    | 1 2 3 4 5 8 10 12 13 14 | 14.0
Fighting       | 3 4 6 7 8 9 11 12 | 12.0
Dodging        | 5 6 8 9 10 11 13 14 | 14.4
Throwing       | 3 4 5 6 |  6.0
Stealth        | 2 5 7 10 | 10.8
Polearms       | 6 |  6.4

Action                     |  1- 3 |  4- 6 |  7- 9 | 10-12 | 13-15 || total
---------------------------+-------+-------+-------+-------+-------++-------
  Melee: Trident           |    84 |       |       |       |       ||    84
         Long sword        |    20 |    67 |   151 |   548 |   154 ||   940
         Punch             |     1 |       |     1 |     9 |     3 ||    14
         Glaive            |       |       |       |     5 |       ||     5
         Tailslap          |       |       |       |     4 |     6 ||    10
  Throw: Throwing net      |       |     2 |     1 |     8 |       ||    11
         Dart              |       |       |       |     5 |       ||     5
         Javelin           |       |       |       |     1 |     2 ||     3
  Evoke: Phial of floods   |       |       |       |     1 |       ||     1
         Wand              |       |       |       |       |     4 ||     4
    Use: Scroll            |       |    10 |     1 |     4 |    12 ||    27
         Potion            |       |       |       |     4 |     5 ||     9
   Stab: Sleeping          |     2 |     1 |     2 |    14 |     6 ||    25
         Held in net/web   |       |       |     1 |     4 |       ||     5
         Distracted        |       |       |       |     1 |       ||     1
 Armour: Leather armour    |    32 |    24 |    99 |   164 |       ||   319
         Quicksilver drago |       |       |       |   126 |    81 ||   207
  Dodge: Dodged            |    56 |    47 |   185 |   579 |   125 ||   992
